Map: Lightshade LE

Players

AGOElazer (Elazer) - Winner!

  • Race: Zerg Zerg
  • League: Grandmaster
  • Spawn Location: 5:00

Lambo

  • Race: Zerg Zerg
  • League: Grandmaster
  • Spawn Location: 11:00

VOD

https://www.youtube.com/watch?v=qBFMQ5TvVX8&ab_channel=LamboSC2

Description

Time

  • Played on: Jan. 22, 2021, 10:16 a.m.
  • Length: 3:28
Show
View Real Time Build Order
Export as new Build Order

AGOElazer Zerg - Winner!

Build Orders: Hatch First 

Get SALT Encoding   

  12  0:00  Drone  
  13  0:11  Overlord  
  13  0:16  Drone  
  14  0:29  Drone  
  14  0:30  Drone  
  16  0:46  Hatchery  
  15  0:50  Drone  
  15  0:53  Drone  
  15  0:56  Drone  
  18  1:07  Extractor  
  17  1:12  Spawning Pool  
  17  1:15  Drone  
  17  1:19  Drone  
  18  1:27  Drone  
  19  1:58  Queen  
  19  1:59  Queen, Zergling x8  
  27  2:10  Spine Crawler  
  27  2:12  Zergling x2  
  27  2:13  Zergling x2  
  28  2:32  Overlord  
  27  2:40  Zergling x6  
  27  2:42  Queen  
  26  2:48  Zergling x2  
  26  2:55  Baneling Nest  
  25  3:01  Zergling x4  
Show
View Real Time Build Order
Export as new Build Order

Lambo Zerg 

Build Orders: 1 Base Baneling Bust, Pool Only 

Get SALT Encoding   

  12  0:13  Extractor  
  11  0:19  Spawning Pool  
  10  0:24  Drone  
  11  0:29  Drone  
  13  0:35  Drone  
  13  0:46  Overlord  
  13  1:05  Zergling x4  
  13  1:07  Zergling x2  
  16  1:15  Metabolic Boost  
  16  1:18  Zergling x2  
  17  1:28  Zergling x2  
  18  1:34  Baneling Nest  
  18  1:39  Zergling x2  
  18  1:50  Zergling x2  
  19  2:00  Queen  
  21  2:04  Zergling x2  
  22  2:18  Baneling  
  22  2:21  Overlord  
  21  2:33  Baneling x2  
  21  2:40  Zergling x4  
  20  2:47  Zergling x2  
  20  2:50  Baneling  
  20  3:01  Zergling x2  
  20  3:05  Zergling x2  
  22  3:06  Baneling  
  22  3:07  Baneling x2  
Tags
 
Add a new tag
Caveats
  • Supply blocks, unpowered buildings, or Contaminate may cause inaccurate times.
  • Supply counts are checked every 10 seconds.